 Dungeon Crawl Stone Soup version 0.22-a0-224-g8cf3520 (webtiles) character file.

69 Amnesiac the Chopper (level 4, 0/41 HPs)
             Began as a Hill Orc Monk on Feb 19, 2018.
             Slain by a kobold
             ... wielding a +1 whip of electrocution
              (19 damage)
             ... on level 3 of the Dungeon.
             The game lasted 00:01:55 (721 turns).

Amnesiac the Chopper (Hill Orc Monk)                 Turns: 721, Time: 00:01:56

Health: 0/41       AC:  3    Str: 14    XL:     4   Next: 20%
Magic:  4/4        EV: 13    Int: 10    God:
Gold:   27         SH:  0    Dex: 13    Spells: 3/3 levels left

rFire    . . .     SeeInvis .   a - +0 hand axe
rCold    . . .     Gourm    .   (no shield)
rNeg     . . .     Faith    .   b - +0 robe
rPois    .         Spirit   .   e - +0 helmet
rElec    .         Reflect  .   (no cloak)
rCorr    .         Harm     .   (no gloves)
MR       .....                  (no boots)
Stlth    ++........             (no amulet)
HPRegen  0.13/turn              (no ring)
MPRegen  0.09/turn              (no ring)

@: no status effects
A: no striking features
a: no special abilities


You were on level 3 of the Dungeon.
You were not hungry.

You visited 1 branch of the dungeon, and saw 3 of its levels.

You collected 27 gold pieces.

Inventory:

Hand Weapons
 a - a +0 hand axe (weapon)
Missiles
 d - 91 stones (quivered)
Armour
 b - a +0 robe (worn)
 e - a +0 helmet (worn)
Scrolls
 f - 4 scrolls of identify {!r, unknown}
 i - a scroll of noise {!r, unknown}
Potions
 h - a potion of degeneration {!q, unknown}
Comestibles
 c - 6 rations
 g - 9 chunks of flesh


   Skills:
 + Level 4.5 Fighting
 * Level 5.8 Axes
 - Level 2.4 Dodging
 - Level 1.5 Stealth


You had 3 spell levels left.
You didn't know any spells.

Dungeon Overview and Level Annotations

Branches:
Dungeon (3/15)

Altars:

Annotations:
D:3 Jessica


Message History

You slash the goblin!
You kill the goblin!
The goblin closely misses you.
Items here: )) [[ †† You hit the goblin.
The goblin is severely wounded.
The goblin hits you.
* * * LOW HITPOINT WARNING * * *
You closely miss the goblin.
The goblin is severely wounded.
The goblin closely misses you.
You hit the goblin.
You kill the goblin!
No target in view!
No target in view!
You butcher the goblin corpse.
g - 3 chunks of flesh (gained 1)
You butcher the hobgoblin corpse of Robin.
g - 6 chunks of flesh (gained 3)
Items here: )) [[ a whip; an animal skin; a helmet; a club
Items here: )) [[ a whip; an animal skin; a helmet; a club You butcher the goblin corpse.
g - 9 chunks of flesh (gained 3)
You butcher the goblin corpse.
g - 10 chunks of flesh (gained 1)
You see here a goblin skeleton. x2
c - 6 rations (gained 1)
You see here a dagger.
You see here a goblin skeleton.
Items here: )) [[ a whip; an animal skin; a helmet; a club A kobold comes into view.
It is wielding a whip of electrocution.
Found a black potion.
A kobold is nearby!
A rat comes into view.
You closely miss the kobold.
The kobold hits you with a whip of electrocution.
You barely miss the kobold.
The kobold hits you with a whip of electrocution.
* * * LOW HITPOINT WARNING * * *
Unknown command.
You barely miss the kobold. The kobold closely misses you.
Unknown command.
You barely miss the kobold.
The kobold hits you with a whip of electrocution.
* * * LOW HITPOINT WARNING * * *
Unknown command.
You aren't carrying any items that you can evoke.
Unknown command.
You barely miss the kobold. The kobold barely misses you.
Unknown command.
Some of the chunks of flesh in your inventory have rotted away.
Press: ? - help, v - describe, . - travel
Here: a kobold, wielding a whip of electrocution The floor.
Items here: )) [[ a whip; an animal skin; a helmet; a club You see here a goblin skeleton.
You see here a dagger.
You closely miss the kobold. The kobold hits you but does no damage.
You are electrocuted!
You die...

#..............##..#
#......##.#######..#
#..#.#.##.#
#..####.#
#....#.##.#
#........
##.###.##.#
####÷.####.# #..
##.####..........#
## #......##..###...
#########..# .
#..)rK@..#
#.#####.## #.# #.#
#r# #.# #.# #.# #.#
#.# #.# ..# #.# ##
#.#


You could see a kobold and a rat.

Vanquished Creatures
  Robin (D:3)
  2 adders
  A worm (D:3)
  2 ball pythons
  13 goblins
  3 hobgoblins
  3 jackals
  4 kobolds
  2 bats (D:1)
  2 frilled lizards
  2 rats (D:2)
35 creatures vanquished.

Vanquished Creatures (others)
  11 toadstools
11 creatures vanquished.

Grand Total: 46 creatures vanquished

Notes
Turn   | Place    | Note
-------+----------+-------------------------------------------
     0 | D:1      | Amnesiac the Hill Orc Monk began the quest for the Orb.
     0 | D:1      | Reached XP level 1. HP: 19/19 MP: 1/1
    88 | D:1      | Reached XP level 2. HP: 27/27 MP: 2/2
   135 | D:2      | Reached skill level 5 in Axes
   140 | D:2      | Reached XP level 3. HP: 5/33 MP: 3/3
   143 | D:2      | HP: 1/33 [kobold (4)]
   172 | D:2      | HP: 1/33 [goblin (3)]
   602 | D:3      | Noticed Jessica
   633 | D:3      | Noticed Robin
   650 | D:3      | Killed Robin
   650 | D:3      | Reached XP level 4. HP: 22/41 MP: 4/4
   721 | D:3      | Slain by a kobold

Vault maps used:
D:1:      ldierk_walled_garden
D:2:      cheibrodos_fertilizer, first_ration, chequers_ecumenical_altar_island,
          minmay_octomino_c4
D:3:      uniq_jessica, uniq_robin

Skill      XL: |  1  2 |
---------------+-------+-----
Fighting       | 4 |  4.5
Axes           | 5 |  5.8
Dodging        | |  2.4
Stealth        | |  1.5

Action                   |  1- 3 |  4- 6 || total
-------------------------+-------+-------++-------
Melee: Hand axe          |   103 |    10 ||   113
  Use: Potion            |     1 |       ||     1
 Stab: Sleeping          |     1 |       ||     1
Armor: Robe              |    24 |     1 ||    25
Dodge: Dodged            |    74 |     4 ||    78

Table legend:
 A = Spawn XP
 B = Non-spawn XP
 C = Spawn XP percentage of total XP
 D = Spawn monster count
 E = Non-spawn monster count
 F = Spawn count percentage of total count
 G = Total turns spent on level
                    A         B        C        D         E        F      G
               +---------+---------+-------+---------+---------+-------+---------
         Total |       0 |      99 |   0.0 |       0 |      35 |   0.0 |   721
               +---------+---------+-------+---------+---------+-------+---------
           D:1 |       0 |      12 |   0.0 |       0 |       8 |   0.0 |   314
           D:2 |       0 |      36 |   0.0 |       0 |      15 |   0.0 |   188
           D:3 |       0 |      51 |   0.0 |       0 |      12 |   0.0 |   219
               +---------+---------+-------+---------+---------+-------+---------
